[Event "Titled Tuesday Blitz May 25 2021"]
[White "Jobava, Baadur"]
[Black "Sydoryka, Vladyslav"]
[WhiteFideId "13601520"]
[BlackFideId "14145928"]
[WhiteElo "2748"]
[BlackElo "2245"]
[Result "1-0"]
[Round "02"]
[TimeControl "180+1"]
[Date "2021.05.25"]
[WhiteClock "0:00:09"]
[BlackClock "0:00:02"]

1. e4 c6 2. c4 d5 3. cxd5 cxd5 4. exd5 Nf6 5. Qa4+ Nbd7 6. Nc3 g6 7. Nf3 Bg7 8. Bc4 a6 9. d3 O-O 10. Qa3 b5 11. Bxb5 Bb7 12. Bc6 Qc7 13. O-O Bxc6 14. dxc6 Nb8 15. Bg5 Nxc6 16. Rac1 Qd7 17. Rfd1 Nd4 18. Nxd4 Qxd4 19. Qxe7 Rfe8 20. Bxf6 Bxf6 21. Qa3 Bg5 22. Rb1 Re6 23. g3 Rae8 24. Ne4 Be7 25. Qc3 Qb6 26. Qb3 Qd4 27. Qc3 Qd5 28. b3 f5 29. Nd2 Bf6 30. Qc4 Qd7 31. Re1 Kg7 32. Rxe6 Rxe6 33. Rc1 Re2 34. Qc7 Qxc7 35. Rxc7+ Kh6 36. Nf3 Rxa2 37. Kg2 g5 38. h3 Kg6 39. Rc6 h5 40. d4 g4 41. hxg4 fxg4 42. Nh4+ Kf7 43. Nf5 Rd2 44. Rxa6 Kg6 45. Ra5 Bxd4 46. Nxd4 Rxd4 47. Ra1 Rb4 48. Rb1 Kg5 49. Kf1 Kf5 50. Ke2 Ke4 51. Kd2 Kd4 52. Kc2 Rb8 53. b4 Ke4 54. Rb2 Rb5 55. Kc3 Kd5 56. Rd2+ Ke4 57. Kc4 Rb8 58. b5 Rc8+ 59. Kb4 Kf3 60. b6 Rc1 61. Rb2 h4 62. gxh4 Rc6 63. Kb5 Rh6 64. b7 Rh8 65. Ka6 Kg2 66. Ka7 1-0


[Site "https://www.chess.com"]

[Event "Titled Tuesday Blitz May 25 2021"]
[White "Jones, Gawain C B"]
[Black "Espinosa Veloz, Ermes"]
[WhiteFideId "409561"]
[BlackFideId "3507424"]
[WhiteElo "2657"]
[BlackElo "2333"]
[Result "1-0"]
[Round "02"]
[TimeControl "180+1"]
[Date "2021.05.25"]
[WhiteClock "0:00:59"]
[BlackClock "0:00:09"]

1. c4 Nf6 2. g3 g6 3. b3 Bg7 4. Bb2 O-O 5. Bg2 d6 6. d4 Nbd7 7. Nf3 c6 8. O-O a6 9. Nbd2 b5 10. Qc2 Bb7 11. a4 Qb6 12. Rfc1 Rfc8 13. c5 Qc7 14. b4 Nd5 15. axb5 cxb5 16. Qb3 dxc5 17. bxc5 e6 18. c6 Bxc6 19. e4 N5f6 20. d5 exd5 21. exd5 Nxd5 22. Bxg7 Kxg7 23. Nd4 Ne5 24. Nxc6 Ne7 25. Nxe5 Qxc1+ 26. Rxc1 Rxc1+ 27. Nf1 Rf8 28. Qb2 Re1 29. Nf3+ 1-0


[Site "https://www.chess.com"]

[Event "Titled Tuesday Blitz May 25 2021"]
[White "Kamsky, Gata"]
[Black "Ronka, Erik"]
[WhiteFideId "2000024"]
[BlackFideId "505080"]
[WhiteElo "2644"]
[BlackElo "2264"]
[Result "1-0"]
[Round "02"]
[TimeControl "180+1"]
[Date "2021.05.25"]
[WhiteClock "0:01:52"]
[BlackClock "0:00:03"]

1. d4 d5 2. Nf3 Nf6 3. Bf4 c5 4. e3 cxd4 5. exd4 Nc6 6. c3 Bf5 7. Nbd2 e6 8. Bb5 Bd6 9. Bg3 O-O 10. O-O Bxg3 11. hxg3 Rc8 12. Re1 a6 13. Bxc6 Rxc6 14. Ne5 Rc7 15. g4 Bg6 16. g5 Nd7 17. Nxd7 Rxd7 18. Qg4 b5 19. a3 a5 20. Nf3 Rd6 21. b4 axb4 22. axb4 Rc6 23. Re3 Qc7 24. Ra3 Rc8 25. Ne5 Rd6 26. Qf4 Qd8 27. Re1 Qe7 28. Rea1 Rb6 29. Ra8 Qb7 30. R8a7 Qb8 31. Nxg6 1-0


[Site "https://www.chess.com"]

[Event "Titled Tuesday Blitz May 25 2021"]
[White "Kapitanchuk, Tomas"]
[Black "Rustemov, Alexander"]
[WhiteFideId "135046"]
[BlackFideId "4119002"]
[WhiteElo "1955"]
[BlackElo "2714"]
[Result "0-1"]
[Round "02"]
[TimeControl "180+1"]
[Date "2021.05.25"]
[WhiteClock "0:00:03"]
[BlackClock "0:00:26"]

1. e4 e6 2. d4 d5 3. Nd2 c5 4. Ngf3 Nf6 5. exd5 Nxd5 6. Ne4 cxd4 7. Nxd4 Be7 8. Be2 O-O 9. O-O Nd7 10. c4 N5f6 11. Nc3 a6 12. Be3 Qc7 13. Rc1 b6 14. a3 Bb7 15. b4 Rac8 16. Qd2 Ne5 17. Na4 Rfd8 18. h3 Ne4 19. Qa2 Bg5 20. Bxg5 Nxg5 21. Rfd1 Ng6 22. c5 Nf4 23. Bf1 Nfxh3+ 24. gxh3 Rxd4 25. Bg2 Bxg2 26. Rxd4 Nf3+ 27. Kxg2 Nxd4 28. Nxb6 Qc6+ 29. Kg1 Nf3+ 30. Kf1 Rd8 31. Qe2 Nh4 32. f3 Nxf3 33. Rd1 Nd4 34. Qg2 Qb5+ 35. Kg1 g6 36. Kh1 e5 37. Rf1 Nf5 38. Rg1 Rd3 39. Nd5 Kg7 40. Nc7 Qc4 41. Ne8+ Kf8 42. Nf6 Ng3+ 43. Kh2 Qf4 44. Qa8+ Kg7 45. Ne8+ Kh6 46. Kg2 Rd2# 0-1


[Site "https://www.chess.com"]

[Event "Titled Tuesday Blitz May 25 2021"]
[White "Khanin, Semen"]
[Black "Ozkan, Ervin"]
[WhiteFideId "4111990"]
[BlackFideId "6306004"]
[WhiteElo "2521"]
[BlackElo "2226"]
[Result "0-1"]
[Round "02"]
[TimeControl "180+1"]
[Date "2021.05.25"]
[WhiteClock "0:00:19"]
[BlackClock "0:00:09"]

1. c4 c5 2. Nf3 Nc6 3. Nc3 g6 4. d4 cxd4 5. Nxd4 Bg7 6. Nc2 Nf6 7. e4 O-O 8. Be2 d6 9. O-O Nd7 10. Be3 Bxc3 11. bxc3 Nc5 12. Bh6 Re8 13. f3 Be6 14. Nd4 Rc8 15. Qd2 Ne5 16. Nxe6 Nxe6 17. f4 Nxc4 18. Bxc4 Rxc4 19. f5 Qb6+ 20. Kh1 Nc7 21. fxg6 hxg6 22. Rf3 Rxe4 23. Raf1 f6 24. Be3 Qc6 25. Bd4 Nd5 26. Qh6 Kf7 27. Qh7+ Ke6 28. Qxg6 Rh4 29. Qxe8 Qxe8 30. g3 Rh7 31. Kg2 Kd7 32. h4 Qh5 33. Kh3 Qg6 34. Rf5 e6 35. R5f3 f5 36. c4 Qg4+ 37. Kg2 Qxd4 38. cxd5 Qxd5 39. Kh2 Qxa2+ 40. R1f2 Qd5 41. Ra3 a6 42. Rc3 Ke8 43. Rc8+ Kf7 44. Rfc2 Kf6 45. Rf8+ Ke5 46. Re2+ Kd4 47. Rd2+ Ke4 48. Rxd5 Kxd5 49. Kh3 b5 50. Ra8 b4 51. Rxa6 b3 52. Rb6 Kc4 53. Rxd6 Rb7 54. Rxe6 b2 55. Re1 b1=Q 56. Rxb1 Rxb1 57. g4 Rb3+ 0-1


[Site "https://www.chess.com"]

[Event "Titled Tuesday Blitz May 25 2021"]
[White "Kim, Yoon-Young"]
[Black "Koellner, Ruben Gideon"]
[WhiteFideId "30908779"]
[BlackFideId "12993093"]
[WhiteElo "2109"]
[BlackElo "2497"]
[Result "0-1"]
[Round "02"]
[TimeControl "180+1"]
[Date "2021.05.25"]
[WhiteClock "0:00:09"]
[BlackClock "0:00:07"]

1. d4 d6 2. Nf3 Nf6 3. c4 g6 4. Nc3 Bf5 5. Qb3 b6 6. Bg5 Bg7 7. e3 O-O 8. Be2 c5 9. O-O Nc6 10. d5 Nb4 11. Rac1 Rb8 12. Rfd1 Na6 13. Nd2 Nc7 14. a4 a6 15. e4 Bd7 16. Qc2 h6 17. Bh4 b5 18. axb5 axb5 19. cxb5 Nxb5 20. Nxb5 Bxb5 21. Bxb5 Rxb5 22. Nc4 Nd7 23. Nxd6 Rxb2 24. Qa4 g5 25. Nf5 gxh4 26. Nxg7 Kxg7 27. Qa1 Qb6 28. Rb1 Rb8 29. Rd2 Qa5 30. Rdxb2 Qxa1 31. Rxb8 Qd4 32. R8b7 Nf6 33. Rxe7 Nxe4 34. Rf1 Qxd5 35. Re1 Nf6 36. R7e5 Qd4 37. R5e3 c4 38. Rc1 Nd5 39. Re2 Qd3 40. Rec2 c3 41. h3 f5 42. Kh2 Kf6 43. Kg1 f4 44. Ra2 f3 45. gxf3 Ke5 46. Ra4 Qd2 47. Re4+ Kf5 48. Rce1 c2 49. Re5+ Kg6 50. R5e2 c1=Q 51. Re6+ Nf6 52. Re4 Qcxe1+ 53. Kg2 Qxe4 54. fxe4 Qf4 55. Kh1 Qxe4+ 56. Kg1 0-1


[Site "https://www.chess.com"]

[Event "Titled Tuesday Blitz May 25 2021"]
[White "Kollars, Dmitrij"]
[Black "zmeeed67"]
[WhiteFideId "12909572"]
[WhiteElo "2576"]
[BlackElo "2580"]
[Result "1-0"]
[Round "02"]
[TimeControl "180+1"]
[Date "2021.05.25"]
[WhiteClock "0:00:22"]
[BlackClock "0:00:02"]

1. c4 e6 2. Nf3 d5 3. g3 Nf6 4. Bg2 Be7 5. O-O O-O 6. b3 a5 7. Bb2 a4 8. cxd5 exd5 9. bxa4 Bd7 10. Nc3 Na6 11. Ne5 Be8 12. d4 c6 13. Qb3 Ra7 14. Ba3 Nd7 15. Nd3 Bxa3 16. Qxa3 Nb6 17. Nb2 Bd7 18. e3 Qa8 19. Qb3 Nc8 20. Rfc1 Bf5 21. Bf1 h5 22. h4 Nd6 23. Qa3 Rd8 24. Be2 g6 25. Qb3 Kg7 26. Nd3 Ne4 27. Nxe4 Bxe4 28. Nb2 Nc7 29. Qc3 Qc8 30. f3 Bf5 31. Kf2 Ne8 32. Bd1 Qe6 33. Bb3 Nd6 34. Re1 Be4 35. Kg2 Qg4 36. fxe4 Nxe4 37. Qc2 Qxg3+ 38. Kf1 Qf3+ 39. Kg1 Rd6 40. Qg2 Qf6 41. Rf1 Qxh4 42. Rf4 Qe7 43. Raf1 b5 44. axb5 cxb5 45. Rxf7+ Qxf7 46. Rxf7+ Rxf7 47. Nd3 Nf6 48. Ne5 1-0


[Site "https://www.chess.com"]

[Event "Titled Tuesday Blitz May 25 2021"]
[White "Kosteniuk, Alexandra"]
[Black "AldokhinIvan"]
[WhiteFideId "4128125"]
[WhiteElo "2521"]
[BlackElo "2499"]
[Result "1-0"]
[Round "02"]
[TimeControl "180+1"]
[Date "2021.05.25"]
[WhiteClock "0:00:23"]
[BlackClock "0:00:04"]

1. e4 c5 2. c3 d5 3. exd5 Qxd5 4. d4 Nf6 5. Nf3 e6 6. Be2 Be7 7. O-O O-O 8. c4 Qd8 9. Nc3 cxd4 10. Nxd4 e5 11. Ndb5 Nc6 12. Nd5 a6 13. Nbc7 Rb8 14. Be3 Nxd5 15. Nxd5 Be6 16. Bb6 Qd6 17. Bc7 Qc5 18. Nxe7+ Qxe7 19. Bxb8 Rxb8 20. b3 Nd4 21. Bd3 Rd8 22. Re1 Qg5 23. Be4 Bg4 24. Qc1 Qe7 25. Qb2 Qg5 26. Kh1 h5 27. f3 Bc8 28. Bd5 h4 29. Qf2 h3 30. g3 b5 31. f4 Qg6 32. Rxe5 Nf5 33. Rae1 Be6 34. Bxe6 fxe6 35. Rxe6 Qh5 36. Qe2 Qf7 37. Re8+ Rxe8 38. Qxe8+ Qxe8 39. Rxe8+ Kf7 40. Ra8 bxc4 41. bxc4 Ne3 42. Ra7+ Kf6 43. Rxa6+ Kf5 44. Ra7 g6 45. c5 Ke4 46. c6 Kf3 47. Ra3 Kf2 48. Rxe3 Kxe3 49. c7 1-0


[Site "https://www.chess.com"]

[Event "Titled Tuesday Blitz May 25 2021"]
[White "Kovalev, Vladislav"]
[Black "Khumalo, Keith"]
[WhiteFideId "13504398"]
[BlackFideId "14319470"]
[WhiteElo "2573"]
[BlackElo "1992"]
[Result "1-0"]
[Round "02"]
[TimeControl "180+1"]
[Date "2021.05.25"]
[WhiteClock "0:02:44"]
[BlackClock "0:01:57"]

1. e4 c5 2. Be2 e6 3. d3 Nc6 4. f4 g6 5. Nf3 Bg7 6. c3 d6 7. O-O Nge7 8. Be3 O-O 9. d4 cxd4 10. cxd4 d5 11. e5 Nf5 12. Bf2 b6 13. Nc3 Bb7 14. Rc1 Rc8 15. g4 Nfe7 16. Qd2 Na5 17. b3 f6 18. Be3 a6 19. Na4 Nec6 20. exf6 Bxf6 21. Ne5 Nxe5 22. dxe5 Bg7 23. Bxb6 1-0


[Site "https://www.chess.com"]

[Event "Titled Tuesday Blitz May 25 2021"]
[White "Krishnan, Varun"]
[Black "Erigaisi Arjun"]
[WhiteFideId "5054508"]
[BlackFideId "35009192"]
[WhiteElo "2563"]
[BlackElo "2609"]
[Result "0-1"]
[Round "02"]
[TimeControl "180+1"]
[Date "2021.05.25"]
[WhiteClock "0:00:06"]
[BlackClock "0:01:26"]

1. e4 e6 2. d4 d5 3. Nc3 Nf6 4. e5 Ne4 5. Bd3 Nxc3 6. bxc3 c5 7. Nf3 Qa5 8. Bd2 c4 9. Be2 Ba3 10. Rb1 Nc6 11. O-O b6 12. Ng5 h6 13. Nh3 Bd7 14. f4 O-O-O 15. Bh5 g6 16. Bf3 Rdg8 17. Nf2 Be7 18. Ng4 h5 19. Ne3 Nb8 20. Qe1 Bc6 21. Kh1 Kc7 22. g4 hxg4 23. Nxg4 Nd7 24. Qg3 Qxa2 25. Ra1 Qxc2 26. Rf2 a5 27. Be1 Qb3 28. Qg2 Qb5 29. Rb2 Qa6 30. Ne3 b5 31. Nc2 Qb6 32. Rba2 Ra8 33. Bd2 b4 34. cxb4 axb4 35. Ne3 Qxd4 36. Bc1 Qxa1 37. Rxa1 Rxa1 38. Qb2 Rha8 39. Nxc4 dxc4 40. Bxc6 Kxc6 41. Qg2+ Kc7 42. Qc2 Nb6 43. f5 gxf5 44. h4 Bxh4 45. Qd2 Be7 46. Qe3 Nd5 47. Qd2 R8a2 48. Qh6 f4 0-1


[Site "https://www.chess.com"]

[Event "Titled Tuesday Blitz May 25 2021"]
[White "Krivonosov, Oleg"]
[Black "Tatarinov, Dmitry"]
[WhiteFideId "11600349"]
[BlackFideId "24160067"]
[WhiteElo "2469"]
[BlackElo "2308"]
[Result "1-0"]
[Round "02"]
[TimeControl "180+1"]
[Date "2021.05.25"]
[WhiteClock "0:01:14"]
[BlackClock "0:01:00"]

1. Nf3 d5 2. d4 Nf6 3. c4 e6 4. g3 Bb4+ 5. Bd2 Be7 6. Bg2 O-O 7. O-O c6 8. Qc2 b6 9. Bf4 Ba6 10. Ne5 Nfd7 11. cxd5 cxd5 12. Nc3 Nxe5 13. Bxe5 Nc6 14. Nxd5 Nxe5 15. Nxe7+ Qxe7 16. Bxa8 Rxa8 17. dxe5 Rc8 18. Qe4 Bb7 19. Qe3 Rc4 20. Rac1 Rb4 21. b3 h5 22. Qc3 Bd5 23. f3 h4 24. e4 Bb7 25. a3 Rb5 26. b4 hxg3 27. hxg3 Qg5 28. Kf2 Rxe5 29. f4 Qh5 30. Qxe5 Qh2+ 31. Ke3 Qxg3+ 32. Rf3 Qg2 33. Qb8+ 1-0


[Site "https://www.chess.com"]

[Event "Titled Tuesday Blitz May 25 2021"]
[White "Lazavik, Denis"]
[Black "Injac, Teodora"]
[WhiteFideId "13515110"]
[BlackFideId "932400"]
[WhiteElo "2436"]
[BlackElo "2308"]
[Result "1-0"]
[Round "02"]
[TimeControl "180+1"]
[Date "2021.05.25"]
[WhiteClock "0:00:21"]
[BlackClock "0:00:15"]

1. d4 Nf6 2. c4 e6 3. Nf3 Bb4+ 4. Bd2 a5 5. g3 O-O 6. Bg2 d5 7. Qc2 c5 8. cxd5 cxd4 9. Nxd4 Qb6 10. e3 exd5 11. O-O Nc6 12. Nxc6 bxc6 13. Rc1 Rb8 14. b3 Bd7 15. Nc3 h5 16. Na4 Qc7 17. Nc5 Bxc5 18. Qxc5 h4 19. Bxa5 Qe5 20. Bc3 Qf5 21. Bxf6 Qxf6 22. Qd4 Qxd4 23. exd4 Rb4 24. Rd1 Re8 25. Bf1 Bg4 26. Rd2 Re4 27. a4 Rxb3 28. a5 Re7 29. a6 Ra7 30. Rc2 Rb6 31. Rac1 Bd7 32. gxh4 g6 33. f3 Kf8 34. Kf2 Ke7 35. Kg3 Kd6 36. Ra2 Rb4 37. Rd1 Bc8 38. Rdd2 Kc7 39. Kf4 Kd6 40. Kg5 Bf5 41. h5 Bb1 42. Rab2 Rxb2 43. Rxb2 Bf5 44. h6 Ke6 45. Re2+ Kd6 46. Re8 f6+ 47. Kxf6 Rh7 48. Rd8+ Kc7 49. a7 1-0


[Site "https://www.chess.com"]

[Event "Titled Tuesday Blitz May 25 2021"]
[White "Martinez Alcantara, Jose Eduardo"]
[Black "Vetokhin, Savva"]
[WhiteFideId "3805662"]
[BlackFideId "44144474"]
[WhiteElo "2690"]
[BlackElo "2185"]
[Result "0-1"]
[Round "02"]
[TimeControl "180+1"]
[Date "2021.05.25"]
[WhiteClock "0:00:04"]
[BlackClock "0:00:44"]

1. e4 e5 2. Nf3 Nf6 3. Nxe5 d6 4. Nf3 Nxe4 5. Nc3 Nxc3 6. dxc3 Be7 7. Bf4 O-O 8. Qd2 Nd7 9. O-O-O Nc5 10. Bd3 Nxd3+ 11. Qxd3 Bg4 12. Rde1 Bf6 13. Nd2 Qd7 14. Qg3 Bf5 15. Ne4 Bxe4 16. Rxe4 Rfe8 17. Qf3 Rxe4 18. Qxe4 d5 19. Qf3 c6 20. Rd1 Qf5 21. g4 Qe6 22. Be3 Re8 23. a3 Qe4 24. Qxe4 Rxe4 25. h3 h6 26. Bxa7 Bg5+ 27. Kb1 Re2 28. a4 g6 29. b3 Bh4 30. Rf1 f5 31. gxf5 gxf5 32. a5 Kf7 33. Kb2 f4 34. f3 Rh2 35. Bb8 Bg3 36. a6 bxa6 37. Ra1 Rxh3 38. Rxa6 h5 39. Rxc6 h4 40. b4 Rh1 41. b5 h3 42. b6 h2 43. b7 Re1 44. Rh6 Re6 45. Rh7+ Kg6 46. Rxh2 Rb6+ 47. Ka3 Bxh2 48. Be5 Rxb7 49. Ka4 Kf5 50. Bd4 Rb2 51. Ka5 Rxc2 0-1


[Site "https://www.chess.com"]

[Event "Titled Tuesday Blitz May 25 2021"]
[White "Mikhailovsky, Vladimir"]
[Black "Babiy, Olga"]
[WhiteFideId "34105414"]
[BlackFideId "14117258"]
[WhiteElo "2308"]
[BlackElo "2213"]
[Result "0-1"]
[Round "02"]
[TimeControl "180+1"]
[Date "2021.05.25"]
[WhiteClock "0:00:03"]
[BlackClock "0:00:19"]

1. e4 c5 2. Nf3 e6 3. g3 Nc6 4. Bg2 Nf6 5. Qe2 e5 6. O-O Be7 7. c3 O-O 8. Na3 Re8 9. d3 d6 10. Bg5 h6 11. Bxf6 Bxf6 12. Nc4 Be6 13. a4 a6 14. Nfd2 Qc7 15. Ne3 b5 16. axb5 axb5 17. Nd5 Bxd5 18. exd5 Ne7 19. Ne4 Rxa1 20. Rxa1 Nxd5 21. c4 Ne7 22. Ra6 Rd8 23. cxb5 Qb8 24. Nxf6+ gxf6 25. b6 f5 26. Qd2 Kg7 27. Qa5 d5 28. Ra8 Qxa8 29. Qxc5 Qb7 30. d4 e4 31. Bf1 Rb8 32. h4 Ng8 33. b4 Nf6 34. Qd6 Qxb6 35. Qe5 Re8 36. Qxf5 Qxb4 37. g4 Qxd4 38. g5 hxg5 39. hxg5 Ng8 0-1


[Site "https://www.chess.com"]

[Event "Titled Tuesday Blitz May 25 2021"]
[White "Moon, Benjamin"]
[Black "Vogel, Roven"]
[WhiteFideId "2064847"]
[BlackFideId "12908088"]
[WhiteElo "2530"]
[BlackElo "2516"]
[Result "0-1"]
[Round "02"]
[TimeControl "180+1"]
[Date "2021.05.25"]
[WhiteClock "0:00:05"]
[BlackClock "0:00:02"]

1. d4 d5 2. Bf4 c5 3. e3 Nc6 4. Nc3 cxd4 5. exd4 a6 6. Nf3 Bg4 7. Be2 e6 8. O-O Bxf3 9. Bxf3 Bd6 10. Ne2 Nge7 11. c3 O-O 12. Qd2 Na5 13. Bxd6 Qxd6 14. Qf4 Nf5 15. Qxd6 Nxd6 16. Nf4 Nac4 17. Nd3 Nd2 18. Rfe1 Nxf3+ 19. gxf3 Rfc8 20. Kf1 h6 21. Ke2 Kf8 22. Rg1 Nf5 23. Kd2 Ke7 24. Rae1 b5 25. a3 a5 26. Nc5 b4 27. axb4 axb4 28. Ra1 bxc3+ 29. bxc3 Rcb8 30. Nd3 g5 31. Rgb1 Nd6 32. Rxb8 Rxa1 33. Rh8 Ra2+ 34. Ke1 Nf5 35. Ne5 Rc2 36. Rc8 f6 37. Ng4 Nxd4 38. Kd1 Kd7 39. Rc5 f5 40. Ne5+ Kd6 41. Nd3 Nb3 42. Rc8 Ra2 43. Nb4 Rxf2 44. Rc6+ Kd7 45. Rb6 Nc5 46. Rb5 Na4 47. Rb7+ Ke8 48. Rh7 Nxc3+ 49. Ke1 Rxh2 50. Nd3 f4 51. Kf1 Rd2 52. Ne5 Nd1 53. Rxh6 Ne3+ 54. Ke1 d4 55. Rxe6+ Kf8 56. Rf6+ Ke7 57. Ra6 d3 58. Ng6+ Kd8 59. Ne5 Re2# 0-1


[Site "https://www.chess.com"]

[Event "Titled Tuesday Blitz May 25 2021"]
[White "Mortazavi, Ali"]
[Black "Weetik, Vjacheslav"]
[WhiteFideId "401323"]
[BlackFideId "4153472"]
[WhiteElo "2339"]
[BlackElo "2469"]
[Result "0-1"]
[Round "02"]
[TimeControl "180+1"]
[Date "2021.05.25"]
[WhiteClock "0:00:09"]
[BlackClock "0:00:08"]

1. Nf3 Nf6 2. g3 d5 3. Bg2 c6 4. O-O Bg4 5. d3 Nbd7 6. c4 dxc4 7. dxc4 e5 8. Nc3 Be7 9. Qc2 O-O 10. h3 Bh5 11. Nh4 Re8 12. b3 Qc7 13. Bb2 Bf8 14. Rad1 a5 15. a3 Nc5 16. b4 axb4 17. axb4 Ne6 18. Ne4 Nxe4 19. Bxe4 Ng5 20. Bg2 Bxb4 21. Qf5 f6 22. Rd7 Qc8 23. Rfd1 Bxe2 24. f4 Bxd1 25. fxg5 Bc2 26. Rxg7+ Kxg7 27. Qxf6+ Kg8 28. g6 Qe6 29. gxh7+ Kxh7 30. Qf2 Bd3 31. Qe3 Rad8 32. Bc1 b6 33. Nf3 Bc5 34. Ng5+ Kg6 35. Nxe6 Bxe3+ 36. Bxe3 Rxe6 37. h4 b5 38. Bh3 Ree8 39. g4 bxc4 40. h5+ Kf6 41. g5+ Ke7 42. Bc5+ Kf7 43. Bb4 Rg8 44. g6+ Bxg6 45. hxg6+ Rxg6+ 46. Kf2 Rd3 47. Bf1 Rf6+ 48. Ke1 Rxf1+ 49. Kxf1 Ke6 50. Ke2 e4 0-1


[Site "https://www.chess.com"]

[Event "Titled Tuesday Blitz May 25 2021"]
[White "Nguyen, Van Huy"]
[Black "Blomqvist, Erik"]
[WhiteFideId "12401064"]
[BlackFideId "1709437"]
[WhiteElo "2443"]
[BlackElo "2460"]
[Result "1/2-1/2"]
[Round "02"]
[TimeControl "180+1"]
[Date "2021.05.25"]
[WhiteClock "0:00:11"]
[BlackClock "0:00:04"]

1. d4 Nf6 2. c4 e6 3. Nf3 Bb4+ 4. Nbd2 O-O 5. g3 b6 6. Bg2 Bb7 7. O-O a5 8. Qc2 Bxd2 9. Qxd2 d6 10. b3 Nbd7 11. Bb2 Qe7 12. Rfd1 e5 13. Rac1 Rad8 14. e3 Be4 15. Qe2 c5 16. Bh3 h6 17. Nh4 Rfe8 18. dxe5 dxe5 19. f3 Bh7 20. e4 Nf8 21. Ng2 Ne6 22. Bxe5 Ng5 23. Bc3 Nxh3+ 24. Kf1 Rxd1+ 25. Rxd1 Rd8 26. Ne3 Rxd1+ 27. Qxd1 Bxe4 28. fxe4 Nxe4 29. Nd5 Qe6 30. Be1 Nhg5 31. Nf4 Qf5 32. Kg2 Kh7 33. Qd8 Ne6 34. Nxe6 Qxe6 35. Qd3 f5 36. a4 Qe5 37. h4 h5 38. Qf3 Kg6 39. Qe3 Qb2+ 40. Kh3 Qd4 41. Qf3 Qe5 42. Qe3 Qd4 43. Qf4 Qd3 44. Qe5 Qf1+ 45. Kh2 Qe2+ 46. Kh3 Qxe1 47. Qe8+ Kh7 48. Qxh5+ Kg8 49. Qe8+ Kh7 50. Qh5+ Kg8 51. Qe8+ Kh7 52. Qh5+ 1/2-1/2


[Site "https://www.chess.com"]

[Event "Titled Tuesday Blitz May 25 2021"]
[White "Nitish Belurkar"]
[Black "Praggnanandhaa R"]
[WhiteFideId "5084768"]
[BlackFideId "25059530"]
[WhiteElo "2306"]
[BlackElo "2555"]
[Result "0-1"]
[Round "02"]
[TimeControl "180+1"]
[Date "2021.05.25"]
[WhiteClock "0:00:05"]
[BlackClock "0:00:12"]

1. d4 Nf6 2. Nf3 g6 3. Bg5 Bg7 4. Nbd2 O-O 5. e4 d5 6. Bxf6 exf6 7. exd5 Re8+ 8. Be2 Qxd5 9. O-O f5 10. c3 Nd7 11. Bc4 Qd6 12. Qb3 Rf8 13. Rfe1 Nb6 14. Rad1 Nxc4 15. Nxc4 Qd5 16. Nce5 Qxb3 17. axb3 c6 18. Nd3 Bf6 19. b4 Rd8 20. h3 Kg7 21. Re2 b6 22. Ra1 Be6 23. Nfe5 Rdc8 24. Ra6 Rc7 25. Re1 Rb8 26. Nf4 Bc8 27. Ra3 Bg5 28. Nfd3 Be6 29. g3 Rbb7 30. h4 Be7 31. Ra6 Bc8 32. Ra2 Bd6 33. Kf1 Be6 34. Ra6 Be7 35. Kg1 c5 36. dxc5 bxc5 37. Nxc5 Bxc5 38. bxc5 Rxc5 39. Nc6 Rxb2 40. Nd4 Bd5 41. Rxa7 Rxc3 42. Rae7 f4 43. R7e2 Rb4 44. Rd2 fxg3 45. Ne2 gxf2+ 46. Kxf2 Rf3+ 47. Kg1 Rg4+ 48. Kh2 Rxh4+ 49. Kg1 Rg4+ 50. Kh2 Rf2+ 51. Kh3 Be6 52. Nd4 0-1


[Site "https://www.chess.com"]

[Event "Titled Tuesday Blitz May 25 2021"]
[White "Nouri, Alekhine"]
[Black "Van Foreest, Jorden"]
[WhiteFideId "5216184"]
[BlackFideId "1039784"]
[WhiteElo "1894"]
[BlackElo "2622"]
[Result "0-1"]
[Round "02"]
[TimeControl "180+1"]
[Date "2021.05.25"]
[WhiteClock "0:00:22"]
[BlackClock "0:00:06"]

1. e4 c6 2. d4 d5 3. exd5 cxd5 4. Bd3 Nf6 5. c3 Nc6 6. Bf4 g6 7. Nd2 Bf5 8. Bxf5 gxf5 9. Ne2 e6 10. Nf3 Bd6 11. Qd2 Ne4 12. Qe3 Qc7 13. Bxd6 Qxd6 14. Nf4 O-O-O 15. Nd3 Kb8 16. O-O-O Na5 17. Nde5 Qc7 18. Ng5 Nd6 19. Qg3 Rhg8 20. Nexf7 Nxf7 21. Qxc7+ Kxc7 22. Nxf7 Rdf8 23. Ne5 Rxg2 24. Rdf1 Nc6 25. Nd3 Kd6 26. Kd2 f4 27. Ke2 f3+ 28. Ke3 Rg4 29. Rfg1 Re4+ 30. Kd2 Re2+ 31. Kd1 e5 32. dxe5+ Nxe5 33. Nxe5 Rxe5 34. Re1 Rfe8 35. Rxe5 Rxe5 36. Re1 Rxe1+ 37. Kxe1 Ke5 38. Kd2 Ke4 39. h3 h5 40. Kc2 d4 41. cxd4 Kxd4 42. Kd2 b5 43. a3 a5 44. Kc2 Kc4 45. h4 a4 46. Kd2 Kb3 47. Kc1 b4 48. axb4 Kxb4 49. Kd2 Kb3 50. Kc1 Kb4 51. Kd2 Kc4 52. Kc2 Kd4 53. Kd2 Ke4 54. Kc3 Kf4 55. Kb4 Kg4 56. Kxa4 Kxh4 57. b4 Kg4 58. b5 h4 59. b6 h3 60. b7 h2 61. b8=Q h1=Q 62. Qg8+ Kf4 63. Qc4+ Kf5 64. Qd5+ Kg4 65. Qe4+ Kh3 66. Qg6 Qa1+ 67. Kb4 Qb2+ 68. Kc4 Qxf2 69. Qf5+ Kg2 70. Qg4+ Qg3 71. Qe4 Kf2 72. Kd3 Qd6+ 73. Kc2 Qc7+ 74. Kd2 Qd7+ 75. Kc2 Qc7+ 76. Kd2 Qa5+ 77. Kd1 Qg5 78. Qc2+ Kg1 79. Qb3 f2 80. Qb6 Qd5+ 81. Ke2 Qe4+ 82. Kd2 Qf4+ 83. Ke2 Qe4+ 84. Kd2 Kg2 0-1


[Site "https://www.chess.com"]

[Event "Titled Tuesday Blitz May 25 2021"]
[White "Nozdrachev, Leonid"]
[Black "Srihari L R"]
[WhiteFideId "24113433"]
[BlackFideId "46617116"]
[WhiteElo "2246"]
[BlackElo "2121"]
[Result "0-1"]
[Round "02"]
[TimeControl "180+1"]
[Date "2021.05.25"]
[WhiteClock "0:00:03"]
[BlackClock "0:00:16"]

1. e4 c5 2. c3 Nf6 3. e5 Nd5 4. Nf3 d6 5. d4 cxd4 6. cxd4 Nc6 7. Bb5 e6 8. O-O Be7 9. Nc3 O-O 10. Nxd5 exd5 11. h3 dxe5 12. dxe5 Be6 13. Bf4 Qb6 14. Qe2 Nd4 15. Nxd4 Qxd4 16. Qd2 Qb6 17. Bd3 Rfd8 18. a3 a5 19. Rac1 a4 20. Be3 d4 21. Bf4 Rac8 22. Qe2 g6 23. g3 Bxh3 24. Rfe1 Be6 25. Kg2 Rc6 26. Be4 Rc5 27. Rxc5 Qxc5 28. Rc1 Qb6 29. Qd2 d3 30. Bg5 Bxg5 31. Qxg5 d2 32. Rd1 Qd4 33. Bxb7 Bb3 34. Bf3 Bxd1 35. Bxd1 Re8 36. f4 Qe4+ 37. Kf2 Qe1+ 38. Kg2 Qxd1 0-1


[Site "https://www.chess.com"]

[Event "Titled Tuesday Blitz May 25 2021"]
[White "Odinaev, Timur"]
[Black "Remizov, Yaroslav"]
[WhiteFideId "4163770"]
[BlackFideId "34134015"]
[WhiteElo "2306"]
[BlackElo "2367"]
[Result "1-0"]
[Round "02"]
[TimeControl "180+1"]
[Date "2021.05.25"]
[WhiteClock "0:00:45"]
[BlackClock "0:00:41"]

1. e4 c5 2. Nf3 e6 3. d4 cxd4 4. Nxd4 Nf6 5. Nc3 Nc6 6. Nxc6 bxc6 7. e5 Nd5 8. Nxd5 cxd5 9. Bd3 d6 10. f4 dxe5 11. fxe5 Bc5 12. Qg4 g6 13. h4 h5 14. Qf3 Rb8 15. a3 Qa5+ 16. b4 Bxb4+ 17. axb4 Qxa1 18. O-O Qd4+ 19. Be3 Qxh4 20. Qxf7+ Kd8 21. Qxa7 Rb7 22. Bb6+ Ke7 23. Bc5+ Kd8 24. Qa5+ Rc7 25. Rf7 Qe1+ 26. Bf1 Qxe5 27. Rxc7 Qxc7 28. Bb6 Qxb6+ 29. Qxb6+ Ke7 30. Qc7+ Bd7 31. Bb5 Rd8 32. Bxd7 Rxd7 33. Qc5+ Kd8 34. b5 Rc7 35. Qd6+ Kc8 36. Qxe6+ Kb7 37. Qxd5+ Kb6 38. c4 Rc8 39. Qd6+ Ka5 40. Qa6+ Kb4 41. Qxc8 1-0


[Site "https://www.chess.com"]